 Dungeon Crawl Stone Soup version 0.21.1-1-g345015fe64 (webtiles) character file.

138 Peloso the Skirmisher (level 5, 0/42 HPs)
             Began as a Demonspawn Fighter on June 20, 2018.
             Slain by an iguana (5 damage)
             ... on level 4 of the Dungeon.
             The game lasted 00:04:55 (1901 turns).

Peloso the Skirmisher (Demonspawn Fighter)          Turns: 1901, Time: 00:04:56

Health: 0/42       AC:  6    Str: 17    XL:     5   Next: 1%
Magic:  5/5        EV:  7    Int:  9    God:
Gold:   142        SH:  9    Dex: 13    Spells: 4/4 levels left

rFire    . . .     SeeInvis .   a - +0 long sword
rCold    . . .     Gourm    .   c - +0 shield
rNeg     . . .     Faith    .   b - +0 scale mail
rPois    .         Spirit   .   (no helmet)
rElec    .         Reflect  .   (no cloak)
rCorr    .         Harm     .   (no gloves)
MR       .....                  (no boots)
Stlth    ..........             (no amulet)
HPRegen  0.14/turn              (no ring)
MPRegen  0.09/turn              (no ring)

@: no status effects
A: claws 2, spiny 1
a: no special abilities


You were on level 4 of the Dungeon.
You were not hungry.

You visited 1 branch of the dungeon, and saw 4 of its levels.

You collected 142 gold pieces.

Inventory:

Hand Weapons
 a - a +0 long sword (weapon)
 o - a +2 mace of crushing
Missiles
 p - 15 bolts
Armour
 b - a +0 scale mail (worn)
 c - a +0 shield (worn)
Jewellery
 h - an uncursed ring of fire {unknown}
Scrolls
 e - 2 scrolls of enchant armour {unknown}
 i - a scroll of teleportation {unknown}
 k - 4 scrolls of identify {unknown}
 l - 2 scrolls of remove curse {unknown}
 n - a scroll of blinking {unknown}
 q - a scroll of noise {unknown}
 r - a scroll of magic mapping {unknown}
Potions
 d - 2 potions of might
 g - 2 potions of haste {unknown}
 j - a potion of lignification {unknown}
Comestibles
 f - 2 rations


   Skills:
 + Level 3.7 Fighting
 + Level 2.8 Long Blades
 + Level 3.1 Armour
 + Level 1.6 Dodging
 + Level 3.2 Shields


You had 4 spell levels left.
You didn't know any spells.

Dungeon Overview and Level Annotations

Branches:
Dungeon (4/15)
 Temple: D:4-7

Altars:


Innate Abilities, Weirdness & Mutations

You have very sharp fingernails.
You are partially covered in sharp spines.


Message History

The iguana is lightly wounded.
The iguana bites you but does no damage.
The orc moves out of view.
The iguana bites you.
* * * LOW HITPOINT WARNING * * *
You hit the iguana but do no damage.
The iguana is lightly wounded.
The iguana closely misses you.
You riposte.
You hit the iguana.
The iguana is heavily wounded.
You hit the iguana.
The iguana is severely wounded.
You block the iguana's attack.
You hit the iguana.
The iguana is severely wounded.
The iguana bites you!
* * * LOW HITPOINT WARNING * * *
The iguana bites you but does no damage.
You hit the iguana.
The iguana is severely wounded.
The iguana bites you.
You die...

#### ...
#######l#####
#.....@.....#
#...........# .
#...........#.#
#.............#
#.............#
##....†...[...<
.............##.#
##########.### ..
#.#


You could see an iguana.

Vanquished Creatures
  A jelly (D:4)
  3 adders
  A worm (D:3)
  2 dart slugs
  4 leopard geckos
  6 orcs
  4 giant cockroaches
  4 goblins
  7 hobgoblins
  5 jackals
  3 quokkas
  7 bats
  A frilled lizard (D:3)
  5 kobolds
  A quokka skeleton (D:4)
  10 rats
64 creatures vanquished.

Notes
Turn   | Place    | Note
-------+----------+-------------------------------------------
     0 | D:1      | Peloso the Demonspawn Fighter began the quest for the Orb.
     0 | D:1      | Reached XP level 1. HP: 18/18 MP: 1/1
   166 | D:1      | Gained mutation: You are partially covered in sharp spines. [demonic ancestry]
   166 | D:1      | Reached XP level 2. HP: 20/24 MP: 2/2
   639 | D:2      | Found a faded altar of an unknown god.
   655 | D:2      | Gained mutation: You have sharp fingernails. [demonic ancestry]
   655 | D:2      | Reached XP level 3. HP: 26/29 MP: 3/3
  1441 | D:3      | Gained mutation: You have very sharp fingernails. [demonic ancestry]
  1441 | D:3      | Reached XP level 4. HP: 36/37 MP: 4/4
  1851 | D:4      | Reached skill level 1 in Dodging
  1879 | D:4      | Reached XP level 5. HP: 34/42 MP: 5/5
  1901 | D:4      | Slain by an iguana

Skill      XL: |  1  2  3  4 |
---------------+-------------+-----
Shields        | 3 |  3.2
Long Blades    | 2 |  2.8
Armour         | 3 |  3.1
Dodging        | 1 |  1.6
Fighting       | |  3.7

Action                   |  1- 3 |  4- 6 || total
-------------------------+-------+-------++-------
Melee: Long sword        |   104 |    48 ||   152
  Eat: Chunk             |     2 |     1 ||     3
Armor: Scale mail        |    67 |    14 ||    81
Dodge: Dodged            |    31 |    15 ||    46
Block: Shield            |    59 |    22 ||    81
       Rpst.: Long sword |    10 |     6 ||    16
